 Dungeon Crawl Stone Soup version 0.24-a0-584-g9d6b971ae4 (webtiles) character file.

Game seed: 7404256379689075968, levelgen mode: deterministic

42 DEFE the Cudgeler (level 3, -7/31 HPs)
             Began as a Draconian Fighter on Aug 30, 2019.
             Was an Initiate of the Shining One.
             Blown up by Ijyb (23 damage)
             ... with a disintegration bolt
             ... on level 3 of the Dungeon.
             The game lasted 00:01:16 (1732 turns).

DEFE the Cudgeler (Draconian Fighter)               Turns: 1732, Time: 00:01:17

Health: -7/31      AC:  5    Str: 19    XL:     3   Next: 33%
Magic:  3/3        EV: 10    Int:  8    God:    the Shining One [......]
Gold:   183        SH:  9    Dex: 10    Spells: 2/2 levels left

rFire    . . .     SeeInvis .   a - +0 flail
rCold    . . .     Gourm    .   b - +0 shield
rNeg     . . .     Faith    .   (armour unavailable)
rPois    .         Spirit   .   (helmet restricted)
rElec    .         Reflect  .   (no cloak)
rCorr    .         Harm     .   (no gloves)
MR       .....                  (no boots)
Stlth    +.........             (no amulet)
HPRegen  0.10/turn              (no ring)
MPRegen  0.08/turn              (no ring)

@: glowing
A: unfitting armour, cold-blooded, AC +5
a: Renounce Religion


You were on level 3 of the Dungeon.
You worshipped the Shining One.
The Shining One was noncommittal.
You were not hungry.

You visited 1 branch of the dungeon, and saw 3 of its levels.

You collected 183 gold pieces.

Inventory:

Hand Weapons
 a - a +0 flail (weapon)
Missiles
 g - 9 poisoned darts (quivered)
Armour
 b - a +0 shield (worn)
Scrolls
 h - a scroll of fear {unknown}
 i - 3 scrolls of remove curse
 k - a scroll of identify
Potions
 c - a potion of might
 e - a potion of curing {unknown}
 f - a potion of brilliance {unknown}
Comestibles
 d - 6 rations


   Skills:
 - Level 3.2 Fighting
 + Level 3.8 Maces & Flails
 - Level 2.6 Dodging
 - Level 3.0 Shields


You had 2 spell levels left.
You didn't know any spells.
Your spell library was empty.

Dungeon Overview and Level Annotations

Branches:
Dungeon (3/15)

Altars:
The Shining One

Annotations:
D:3 Ijyb


Innate Abilities, Weirdness & Mutations

Your plain brown scales are hard. (AC +5)
You cannot fit into any form of body armour.
You are cold-blooded and may be slowed by cold attacks.


Message History

No target in view!
No target in view!
You see here a +0 short sword.
Eating a chunk of flesh.
You eat the chunk of flesh.
Found a stone staircase leading up.
There is a stone staircase leading up here.
Found a stone staircase leading up.
Ijyb the Twisted Goblin comes into view.
She is carrying a wand of disintegration (6).
Ijyb shouts!
Ijyb zaps a wand.
You are blasted!
You take 15 damage, and have 16/31 hp.
MASSIVE DAMAGE!!
Unknown command.
Your shield prevents you from hitting Ijyb.
Your tail-slap misses Ijyb.
Ijyb zaps a wand.
You are blasted!
Ouch! That really hurt!
You die...

##########
#....<...#
#.#####.## #.#
#.# #.# #.# #.#
#.# #.# #.# #.#
#.# #@# ###.##
#g# #....# #.#
#.#### #.# #.#
#.# #.# ..# #.#
#############.#
#.............#
#.#############


You could see Ijyb.

Vanquished Creatures
  A gnoll (D:1)
  An adder (D:2)
  A worm (D:2)
  2 giant cockroaches (D:1)
  2 goblins
  4 hobgoblins
  A quokka (D:2)
  2 bats (D:1)
  2 kobolds
  2 rats
18 creatures vanquished.

Vanquished Creatures (others)
  5 toadstools (D:1)
5 creatures vanquished.

Grand Total: 23 creatures vanquished

Notes
Turn   | Place    | Note
-------+----------+-------------------------------------------
     0 | D:1      | DEFE the Draconian Fighter began the quest for the Orb.
     0 | D:1      | Reached XP level 1. HP: 19/19 MP: 1/1
    35 | D:1      | Found a glowing golden altar of the Shining One.
   213 | D:1      | Became a worshipper of the Shining One
   277 | D:1      | The Shining One protects you from harm!
   279 | D:1      | Reached XP level 2. HP: 5/26 MP: 2/2
  1311 | D:2      | Reached XP level 3. HP: 18/31 MP: 3/3
  1728 | D:3      | Noticed Ijyb
  1732 | D:3      | Blown up by Ijyb

Levels and vault maps discovered:
D:1:      ldierk_walled_garden, layout_loops_ring, tso_metal_star
D:2:      layout_basic
D:3:      layout_basic, marbit_many_paths, lemuel_coloured_pillars_altar,
          first_ration, uniq_ijyb, uniq_jessica

Skill      XL: |  1  2 |
---------------+-------+-----
Maces & Flails | 3 |  3.8
Fighting       | |  3.2
Dodging        | |  2.6
Shields        | |  3.0

Action                   || total
-------------------------++-------
Melee: Flail             ||    79
       Tailslap          ||     5
  Use: Scroll            ||     2
  Eat: Chunk             ||     3
Armor: Skin              ||    25
Dodge: Dodged            ||    39
Block: Shield            ||    40

Table legend:
 A = Non-vault XP
 B = Vault XP
 C = Vault XP percentage of total XP
 D = Non-vault monster count
 E = Vault monster count
 F = Vault count percentage of total count
                 A         B        C        D         E       F
            +---------+---------+-------+---------+---------+-------
      Total |      60 |       0 |   0.0 |      18 |       0 |   0.0
            +---------+---------+-------+---------+---------+-------
        D:1 |      32 |       0 |   0.0 |      11 |       0 |   0.0
        D:2 |      26 |       0 |   0.0 |       6 |       0 |   0.0
        D:3 |       2 |       0 |   0.0 |       1 |       0 |   0.0
            +---------+---------+-------+---------+---------+-------
